 Dungeon Crawl Stone Soup version 0.25-a0-156-g0c4bda3fdf (webtiles) character file.

Game seed: 2842855013389855678, levelgen mode: deterministic

262 Leeroy the Skirmisher (level 5, -1/49 HPs)
             Began as a Draconian Skald on Nov 20, 2019.
             Was an Initiate of Okawaru.
             Slain by an iguana (14 damage)
             ... on level 4 of the Dungeon.
             The game lasted 00:06:34 (2294 turns).

Leeroy the Skirmisher (Draconian Skald)             Turns: 2294, Time: 00:06:35

Health: -1/49      AC:  7    Str: 13    XL:     5   Next: 97%
Magic:  8/8        EV: 12    Int: 13    God:    Okawaru [......]
Gold:   165        SH:  0    Dex: 12    Spells: 1/8 levels left

rFire    . . .     SeeInvis .   s - +4 quarterstaff (chaos)
rCold    . . .     Gourm    .   (shield currently unavailable)
rNeg     . . .     Faith    .   (armour unavailable)
rPois    .         Spirit   .   (helmet restricted)
rElec    .         Reflect  .   t - +0 cloak
rCorr    .         Harm     .   b - +0 pair of gloves
MR       .....                  (no boots)
Stlth    +.........             (no amulet)
HPRegen  0.16/turn              (no ring)
MPRegen  0.11/turn              (no ring)

@: no status effects
A: unfitting armour, cold-blooded, AC +5
a: Renounce Religion


You were on level 4 of the Dungeon.
You worshipped Okawaru.
Okawaru was noncommittal.
You were not hungry.

You visited 1 branch of the dungeon, and saw 4 of its levels.

You collected 165 gold pieces.

Inventory:

Hand Weapons
 a - a +0 falchion
 d - a +0 dagger
 l - a +2 war axe of venom
 s - a +4 quarterstaff of chaos (weapon)
Missiles
 f - 29 poisoned darts (quivered)
Armour
 b - a +0 pair of gloves (worn)
 t - a +0 cloak (worn)
Jewellery
 k - an uncursed amulet of magic regeneration {unknown}
 r - an uncursed amulet of magic regeneration {unknown}
Wands
 h - a wand of enslavement (6)
Scrolls
 e - 4 scrolls of identify {unknown}
 g - 2 scrolls of remove curse {unknown}
 m - a scroll of enchant armour {unknown}
 n - a scroll of fear {unknown}
 p - a scroll of enchant weapon {unknown}
Potions
 i - a potion of curing {unknown}
 j - a potion of resistance {unknown}
 q - a potion of agility {unknown}
Comestibles
 c - 8 rations


   Skills:
 + Level 5.6 Fighting
 - Level 4.0 Long Blades
 - Level 2.1 Dodging
 - Level 2.0 Spellcasting
 * Level 0.4 Hexes
 - Level 2.6 Charms


You had one spell level left.
You knew the following spells:

 Your Spells              Type           Power        Failure   Level  Hunger
a - Infusion              Chrm           #...         9%          1    ##.....
b - Spectral Weapon       Hex/Chrm       #.......     38%         3    ####...
c - Regeneration          Chrm/Necr      #.........   41%         3    ####...

Your spell library contained the following spells:

 Spells                   Type           Power        Failure   Level  Hunger
 Song of Slaying          Chrm           #.......     13%         2    ###....
 Shroud of Golubria       Chrm/Tloc      #.....       22%         2    ###....


Dungeon Overview and Level Annotations

Branches:
Dungeon (4/15)
 Temple: D:4-7

Altars:
Cheibriados
Fedhas
Hepliaklqana
Okawaru
Ru
Wu Jian


Innate Abilities, Weirdness & Mutations

Your plain brown scales are hard. (AC +5)
You cannot fit into any form of body armour.
You are cold-blooded and may be slowed by cold attacks.


Message History

You hit the iguana.
The iguana is poisoned.
The iguana is moderately wounded.
The iguana bites you.
You hit the iguana but do no damage.
The iguana is moderately wounded.
The iguana bites you.
You barely miss the iguana.
The iguana is heavily wounded.
The iguana closely misses you.
You hit the iguana. You freeze the iguana.
The iguana is heavily wounded.
The iguana bites you! x2
You hit the iguana but do no damage.
The iguana flickers and vanishes!
Deactivating autopickup; reactivate with Ctrl-A.
Something bites you!
* * * LOW HITPOINT WARNING * * *
You miss something. Something bites you but does no damage.
You closely miss something. Something bites you but does no damage.
Something bites you!
You die...

######
#${@.#
#.##.#
# #.<#
####


There were no monsters in sight!

Vanquished Creatures
  Crazy Yiuf (D:3)
  A worker ant (D:2)
  An orc wizard (D:3)
  8 adders
  An ooze (D:2)
  A worm (D:2)
  2 dart slugs (D:3)
  A leopard gecko (D:3)
  12 orcs (D:3)
  A ball python (D:3)
  9 bats
  5 giant cockroaches
  10 goblins
  6 hobgoblins
  6 jackals
  7 kobolds
  4 frilled lizards (D:2)
  11 rats
87 creatures vanquished.

Notes
Turn   | Place    | Note
-------+----------+-------------------------------------------
     0 | D:1      | Leeroy the Draconian Skald began the quest for the Orb.
     0 | D:1      | Reached XP level 1. HP: 17/17 MP: 3/3
   103 | D:1      | Reached XP level 2. HP: 17/24 MP: 5/5
   790 | D:2      | Reached XP level 3. HP: 22/29 MP: 6/6
  1095 | D:2      | Found a hazy altar of Hepliaklqana.
  1164 | D:2      | Reached skill level 3 in Fighting
  1164 | D:2      | Reached XP level 4. HP: 26/38 MP: 7/7
  1241 | D:2      | Found a faded altar of an unknown god.
  1541 | D:2      | Found an iron altar of Okawaru.
  1571 | D:2      | Found an ornate altar of the Wu Jian Council.
  1573 | D:2      | Found a sacrificial altar of Ru.
  1603 | D:3      | Found a snail-covered altar of Cheibriados.
  1671 | D:3      | Reached skill level 4 in Fighting
  1682 | D:3      | Found a runed translucent door.
  1683 | D:3      | Noticed Crazy Yiuf
  1738 | D:3      | Reached XP level 5. HP: 45/47 MP: 8/8
  1783 | D:3      | Found a blossoming altar of Fedhas.
  1885 | D:2      | Became a worshipper of Warmaster Okawaru
  1983 | D:3      | Reached skill level 5 in Fighting
  2205 | D:3      | Learned a level 3 spell: Spectral Weapon
  2209 | D:3      | Learned a level 3 spell: Regeneration
  2213 | D:3      | Killed Crazy Yiuf
  2294 | D:4      | Slain by an iguana

Levels and vault maps discovered:
D:1:      minmay_arrival_up_and_down, layout_basic
D:2:      layout_loops_ring, marbit_many_paths, nicolae_overflow_hidden_temple,
          first_ration, chequers_ecumenical_altar_simple_redux, feat_on_display
D:3:      layout_basic, fedhas_altar_1, cheibriados_altar_1,
          uniq_crazy_yiuf_cottage
D:4:      layout_basic

Skill      XL: |  1  2  3  4  5 |
---------------+----------------+-----
Long Blades    | 3 4 |  4.0
Fighting       | 3 4 5 |  5.6
Dodging        | |  2.1
Spellcasting   | |  2.0
Hexes          | |  0.4
Charms         | |  2.6

Action                   |  1- 3 |  4- 6 || total
-------------------------+-------+-------++-------
Melee: Falchion          |    88 |       ||    88
       Tailslap          |     6 |     5 ||    11
       War axe           |    19 |    81 ||   100
       Quarterstaff      |       |     7 ||     7
 Cast: Spectral Weapon   |       |     1 ||     1
  Eat: Chunk             |     1 |     4 ||     5
Armor: Skin              |    36 |    32 ||    68
Dodge: Dodged            |    82 |    94 ||   176
       Rpst.: Falchion   |    18 |       ||    18

Table legend:
 A = Non-vault XP
 B = Vault XP
 C = Vault XP percentage of total XP
 D = Non-vault monster count
 E = Vault monster count
 F = Vault count percentage of total count
                 A         B        C        D         E       F
            +---------+---------+-------+---------+---------+-------
      Total |     333 |      42 |  11.2 |      85 |       2 |   2.3
            +---------+---------+-------+---------+---------+-------
        D:1 |      30 |       0 |   0.0 |      18 |       0 |   0.0
        D:2 |     128 |       2 |   1.5 |      30 |       1 |   3.2
        D:3 |     175 |      40 |  18.6 |      37 |       1 |   2.6
            +---------+---------+-------+---------+---------+-------
